Blues vs Maple Leafs
Created - December 16, 2017 at 10:03
Goals
|
Blues |
0 |
4 |
0 |
4 |
Maple Leafs |
1 |
4 |
0 |
5 |
|
Shots
|
Blues |
9 |
13 |
15 |
37 |
Maple Leafs |
7 |
16 |
12 |
35 |
|
1st period
1. Maple Leafs , Claude Giroux 17 (Jordan Staal 15) at 13:33 (PP)
Penalties :
Marian Hossa (STL) for Slashing (Minor) at 13:23, Jordan Staal (Tor) for Holding (Minor) at 13:39
2nd period
2. Maple Leafs , Kyle Clifford 2 (Claude Giroux 18) at 0:50
3. Blues , Travis Zajac 12 (Sergei Shirokov 11, David Perron 12) at 4:29
4. Blues , Nicklas Backstrom 12 (Taylor Hall 6, Alex Pietrangelo 23) at 6:28 (PP)
5. Maple Leafs , Eric Nystrom 6 (Claude Giroux 19, John Klingberg 9) at 6:36
6. Maple Leafs , Tobias Enstrom 3 (Braydon Coburn 9) at 7:31
7. Maple Leafs , Claude Giroux 18 (Kyle Clifford 1) at 7:50 (PP)
8. Blues , Patrick Kaleta 2 (Alex Pietrangelo 24) at 8:23
9. Blues , Tomas Plekanec 1 (Jake Gardiner 17, Drew Stafford 4) at 17:05
Penalties :
Ryan Parent (Tor) for Tripping (Minor) at 5:29, Taylor Hall (STL) for Holding (Minor) at 7:43, Claude Giroux (Tor) for Hooking (Minor) at 10:08, Nicklas Backstrom (STL) for Boarding (Minor) at 17:51
3rd period
No Goal
Penalties :
Marian Hossa (STL) for Hooking (Minor) at 5:56, Linus Omark (STL) for Holding (Minor) at 13:39, Marc-Édouard Vlasic (Tor) for Roughing (Minor) at 16:18
Goalie Stats
Ray Emery (STL), 17 saves from 18 shots - (0.944), L, 1-2-0, 31:15 minutes
Tuukka Rask (STL), 13 saves from 17 shots - (0.765), 27:31 minutes
Marc-André Fleury (Tor), 33 saves from 37 shots - (0.892), W, 11-12-3, 60:00 minutes
Players Stats for Blues
Player Name G A P +/- PIM S H SB GA TA FO MP PP MP PK MP
------------------------------------------------------------------------------------
Alex Pietrangelo 0 2 2 -1 0 4 2 0 1 1 0/0 24:29 3:39 0:00
Bryce Lampman 0 0 0 0 0 1 2 2 0 2 0/0 26:19 3:17 3:45
Chris Higgins 0 0 0 1 0 1 1 0 0 1 0/0 9:44 0:00 0:34
David Perron 0 1 1 0 0 3 1 0 2 0 0/0 16:00 3:10 0:00
Drew Fata 0 0 0 0 0 0 2 0 0 1 0/0 20:15 0:00 3:45
Drew Stafford 0 1 1 1 0 3 2 0 0 0 0/0 8:29 0:00 1:06
Jake Gardiner 0 1 1 1 0 3 0 1 0 1 0/0 21:16 3:39 2:29
Linus Omark 0 0 0 1 2 1 1 0 0 0 1/2 7:22 0:00 0:00
Logan Couture 0 0 0 1 0 0 1 0 0 1 1/3 11:22 0:00 1:54
Marian Hossa 0 0 0 -2 4 0 2 0 0 0 1/3 21:02 3:46 0:00
Nicklas Backstrom 1 0 1 -2 2 9 1 0 0 0 22/33 21:27 3:46 0:15
Patrick Kaleta 1 0 1 1 0 2 1 0 1 1 1/1 13:38 0:00 4:19
Sergei Shirokov 0 1 1 0 0 3 0 0 0 0 0/0 16:00 3:10 0:00
Taylor Hall 0 1 1 -2 2 3 2 0 2 0 1/1 21:03 3:46 0:00
Tomas Plekanec 1 0 1 1 0 1 1 0 0 1 2/3 7:14 0:00 0:00
Travis Zajac 1 0 1 0 0 3 1 1 1 0 10/26 20:20 3:10 4:20
Victor Hedman 0 0 0 0 0 0 0 0 0 0 0/0 14:37 3:17 0:00
Yann Sauvé 0 0 0 0 0 0 0 0 0 2 0/0 13:04 0:00 2:29
Players Stats for Maple Leafs
Player Name G A P +/- PIM S H SB GA TA FO MP PP MP PK MP
------------------------------------------------------------------------------------
Alexander Frolov 0 0 0 0 0 0 1 1 0 0 0/1 10:47 0:00 2:59
Ben Smith 0 0 0 1 0 2 3 0 1 0 0/1 9:52 0:00 0:00
Braydon Coburn 0 1 1 0 0 0 0 1 0 1 0/0 23:32 1:36 4:01
Claude Giroux 2 2 4 -1 2 5 0 1 1 0 0/1 23:48 3:59 2:29
Colby Armstrong 0 0 0 0 0 1 1 1 0 0 0/2 12:41 0:00 0:00
Eric Nystrom 1 0 1 -1 0 3 0 1 0 0 2/3 15:53 0:00 0:00
Evgeny Grachev 0 0 0 1 0 1 1 0 0 0 0/3 10:02 0:00 0:10
Fabian Brunnstrom 0 0 0 1 0 2 0 1 1 0 0/0 12:07 2:15 0:00
Gilbert Brule 0 0 0 0 0 4 0 0 1 1 7/14 18:33 2:15 3:29
John Klingberg 0 1 1 0 0 2 2 5 1 1 0/0 20:12 1:36 0:00
Jordan Staal 0 1 1 -1 2 6 3 0 2 0 23/42 24:03 3:59 2:41
Kyle Clifford 1 1 2 0 0 2 1 0 0 1 0/0 18:09 3:59 0:58
Marc-Édouard Vlasic 0 0 0 0 2 2 1 1 2 2 0/0 23:22 4:38 0:00
Michael Grabner 0 0 0 0 0 1 1 0 0 0 0/0 9:03 2:15 0:00
Ryan Parent 0 0 0 0 2 1 0 0 0 1 0/0 13:06 0:00 2:55
Taylor Chorney 0 0 0 0 0 1 0 2 1 0 0/0 15:18 0:00 3:38
Tobias Enstrom 1 0 1 0 0 2 1 1 0 0 0/0 24:33 4:38 3:18
Zac Dalpe 0 0 0 0 0 0 1 1 1 0 1/5 7:59 0:00 1:06
3 Stars
1 - Claude Giroux (Tor)
2 - Kyle Clifford (Tor)
3 - Patrick Kaleta (STL)
Power Play
Blues - 1 on 4 Attempt(s) - 25.00%
Maple Leafs - 2 on 5 Attempt(s) - 40.00%
Penalty Kill
Blues - 3 on 5 Attempt(s) - 60.00%
- Score 0 goal in Penalty Kill
Maple Leafs - 3 on 4 Attempt(s) - 75.00%
- Score 0 goal in Penalty Kill
Team Stat
Blues - Hits : 20 - Faceoff Wins : 39 - Blocked Shots : 4 - Penalty Minutes : 10
Maple Leafs - Hits : 16 - Faceoff Wins : 33 - Blocked Shots : 16 - Penalty Minutes : 8
Official
Referees : L'Ecuyer Frederick and Walsh Ian
Linesman : Don Henderson and Pierre Racicot
Game Notes
Ray Emery enters game at 7:31 of 2nd period
Finance
Level 1 -- Attendance: 5340 (89.00%) -- Ticket Income $480,600
Level 2 -- Attendance: 4755 (95.10%) -- Ticket Income $261,525
Level 3 -- Attendance: 1758 (87.90%) -- Ticket Income $63,288
Level 4 -- Attendance: 3770 (94.25%) -- Ticket Income $94,250
Luxury Box -- Attendance: 858 (85.80%) -- Ticket Income $132,990
Game was played at the Maple Leafs Garden.
Total Attendance: 16481 (91.56%)
Total Ticket Income: $1,032,653
Other Income: $154,898
Total Income: $1,187,551
Blues
5 vs 5 Forward
Center Left Wing Right Wing Time % Phy DF OF
1 Nicklas Backstrom Taylor Hall Marian Hossa 40 1 2 2
2 Travis Zajac David Perron Sergei Shirokov 30 1 2 2
3 Logan Couture Chris Higgins Patrick Kaleta 20 1 2 2
4 Tomas Plekanec Linus Omark Drew Stafford 10 1 2 2
5 vs 5 Defense
Defense Defense Time % Phy DF OF
1 Alex Pietrangelo Bryce Lampman 40 1 2 2
2 Jake Gardiner Drew Fata 30 1 2 2
3 Victor Hedman Yann Sauvé 20 1 2 2
4 Alex Pietrangelo Drew Fata 10 1 2 2
PowerPlay Forward
Center Left Wing Right Wing Time % Phy DF OF
1 Nicklas Backstrom Taylor Hall Marian Hossa 60 1 2 2
2 Travis Zajac David Perron Sergei Shirokov 40 1 2 2
PowerPlay Defense
Defense Defense Time % Phy DF OF
1 Jake Gardiner Alex Pietrangelo 60 1 2 2
2 Bryce Lampman Victor Hedman 40 1 2 2
Penalty Kill 4 Players Forward
Center Wing Time % Phy DF OF
1 Travis Zajac Patrick Kaleta 60 1 2 2
2 Logan Couture Drew Stafford 40 1 2 2
Penalty Kill 4 Players Defense
Defense Defense Time % Phy DF OF
1 Drew Fata Bryce Lampman 60 1 2 2
2 Yann Sauvé Jake Gardiner 40 1 2 2
Penalty Kill - 3 Players Forward
Forward Time % Phy DF OF
1 Travis Zajac 60 1 2 2
2 Tomas Plekanec 40 1 2 2
Penalty Kill - 3 Players Defense
Defense Defense Time % Phy DF OF
1 Bryce Lampman Drew Fata 60 1 2 2
2 Alex Pietrangelo Jake Gardiner 40 1 2 2
4 vs 4 Forward
Center Wing Time % Phy DF OF
1 Travis Zajac Taylor Hall 60 1 2 2
2 Nicklas Backstrom David Perron 40 1 2 2
4 vs 4 Defense
Defense Defense Time % Phy DF OF
1 Victor Hedman Alex Pietrangelo 60 1 2 2
2 Drew Fata Jake Gardiner 40 1 2 2
Last Minutes Offensive
Center Left Wing Right Wing Defense Defense
Nicklas Backstrom Taylor Hall Marian Hossa Jake Gardiner Alex Pietrangelo
Last Minutes Defensive
Center Left Wing Right Wing Defense Defense
Travis Zajac David Perron Patrick Kaleta Bryce Lampman Drew Fata
Goaltenders
Starting : Tuukka Rask
Backup : Ray Emery
Extra Forwards
Normal : Patrick Kaleta, Drew Stafford, David Perron - PP : Linus Omark, Tomas Plekanec - PK : Nicklas Backstrom
Extra Defensemen
Normal : Jake Gardiner, Yann Sauvé, Drew Fata - PP : Drew Fata - PK : Alex Pietrangelo, Victor Hedman
Penalty Shots
David Perron, Marian Hossa, Logan Couture, Nicklas Backstrom, Sergei Shirokov
Scratches
Jamie Langenbrunner (Healthy), Marcel Hossa (Healthy)
Maple Leafs
5 vs 5 Forward
Center Left Wing Right Wing Time % Phy DF OF
1 Jordan Staal Eric Nystrom Claude Giroux 40 0 1 4
2 Gilbert Brule Kyle Clifford Colby Armstrong 30 1 2 2
3 Evgeny Grachev Fabian Brunnstrom Ben Smith 20 1 2 2
4 Zac Dalpe Alexander Frolov Michael Grabner 10 1 2 2
5 vs 5 Defense
Defense Defense Time % Phy DF OF
1 Marc-Édouard Vlasic John Klingberg 40 0 1 4
2 Braydon Coburn Tobias Enstrom 30 0 2 2
3 Taylor Chorney Ryan Parent 20 1 2 2
4 Braydon Coburn Tobias Enstrom 10 1 2 2
PowerPlay Forward
Center Left Wing Right Wing Time % Phy DF OF
1 Jordan Staal Kyle Clifford Claude Giroux 60 1 2 2
2 Gilbert Brule Fabian Brunnstrom Michael Grabner 40 1 2 2
PowerPlay Defense
Defense Defense Time % Phy DF OF
1 Marc-Édouard Vlasic Tobias Enstrom 60 1 2 2
2 Braydon Coburn John Klingberg 40 1 2 2
Penalty Kill 4 Players Forward
Center Wing Time % Phy DF OF
1 Jordan Staal Claude Giroux 60 1 2 2
2 Gilbert Brule Alexander Frolov 40 1 2 2
Penalty Kill 4 Players Defense
Defense Defense Time % Phy DF OF
1 Braydon Coburn Taylor Chorney 60 1 2 2
2 Ryan Parent Tobias Enstrom 40 1 2 2
Penalty Kill - 3 Players Forward
Forward Time % Phy DF OF
1 Jordan Staal 60 1 2 2
2 Gilbert Brule 40 1 2 2
Penalty Kill - 3 Players Defense
Defense Defense Time % Phy DF OF
1 Braydon Coburn Taylor Chorney 60 1 2 2
2 Ryan Parent Tobias Enstrom 40 1 2 2
4 vs 4 Forward
Center Wing Time % Phy DF OF
1 Jordan Staal Claude Giroux 60 1 2 2
2 Gilbert Brule Michael Grabner 40 1 2 2
4 vs 4 Defense
Defense Defense Time % Phy DF OF
1 Tobias Enstrom Braydon Coburn 60 1 2 2
2 Marc-Édouard Vlasic Taylor Chorney 40 1 2 2
Last Minutes Offensive
Center Left Wing Right Wing Defense Defense
Jordan Staal Fabian Brunnstrom Claude Giroux Marc-Édouard Vlasic John Klingberg
Last Minutes Defensive
Center Left Wing Right Wing Defense Defense
Jordan Staal Alexander Frolov Claude Giroux Braydon Coburn Taylor Chorney
Goaltenders
Starting : Marc-André Fleury
Backup : Alex Stalock
Extra Forwards
Normal : Gilbert Brule, Claude Giroux, Colby Armstrong - PP : Gilbert Brule, Claude Giroux - PK : Gilbert Brule
Extra Defensemen
Normal : Tobias Enstrom, John Klingberg, Ryan Parent - PP : John Klingberg - PK : Ryan Parent, Braydon Coburn
Penalty Shots
Claude Giroux, Fabian Brunnstrom, Gilbert Brule, Jordan Staal, Zac Dalpe
Scratches
Blake Comeau (Healthy)
% Time on Ice - Blues
Lines # - Real PCT - Wanted PCT - Time Play
Normal Forward
1 - 36% - 40% - 16:27
2 - 28% - 30% - 12:59
3 - 20% - 20% - 9:10
4 - 16% - 10% - 7:14
Normal Defense
1 - 40% - 40% - 18:28
2 - 33% - 30% - 14:57
3 - 23% - 20% - 10:31
4 - 4% - 10% - 1:54
PP Forward
1 - 54% - 60% - 3:46
2 - 46% - 40% - 3:10
PP Defense
1 - 53% - 60% - 3:39
2 - 47% - 40% - 3:17
PK Forward
1 - 82% - 60% - 5:08
2 - 18% - 40% - 1:06
PK Defense
1 - 60% - 60% - 3:45
2 - 40% - 40% - 2:29
PK3 Forward
1 - 0% - 60%
2 - 0% - 40%
PK3 Defense
1 - 0% - 60%
2 - 0% - 40%
44 Forward
1 - 0% - 60%
2 - 0% - 40%
44 Defense
1 - 0% - 60%
2 - 0% - 40%
Last Minute Offensive - 1:00
Last Minute Defensive - 0:00
Total
Forward - 60:00
Defense - 60:00
|
% Time on Ice - Maple Leafs
Lines # - Real PCT - Wanted PCT - Time Play
Normal Forward
1 - 36% - 40% - 16:30
2 - 28% - 30% - 12:41
3 - 22% - 20% - 9:52
4 - 15% - 10% - 6:48
Normal Defense
1 - 42% - 40% - 19:23
2 - 30% - 30% - 13:37
3 - 22% - 20% - 10:01
4 - 6% - 10% - 2:50
PP Forward
1 - 64% - 60% - 3:59
2 - 36% - 40% - 2:15
PP Defense
1 - 74% - 60% - 4:38
2 - 26% - 40% - 1:36
PK Forward
1 - 87% - 60% - 6:01
2 - 13% - 40% - 0:55
PK Defense
1 - 52% - 60% - 3:38
2 - 48% - 40% - 3:18
PK3 Forward
1 - 0% - 60%
2 - 0% - 40%
PK3 Defense
1 - 0% - 60%
2 - 0% - 40%
44 Forward
1 - 0% - 60%
2 - 0% - 40%
44 Defense
1 - 0% - 60%
2 - 0% - 40%
Last Minute Offensive - 0:00
Last Minute Defensive - 0:59
Total
Forward - 60:00
Defense - 60:00
|
Play by Play
1st period
0:01 of 1st period - Nicklas Backstrom wins face-off versus Jordan Staal in neutral zone.
1:16 of 1st period - Slapshot by Drew Stafford.
1:16 of 1st period - Stopped by Marc-André Fleury without a rebound.
1:17 of 1st period - Tomas Plekanec wins face-off versus Alexander Frolov in Maple Leafs zone.
1:20 of 1st period - Wrist shot by Drew Stafford.
1:20 of 1st period - Shot Misses the Net.
2:05 of 1st period - Snap shot by Travis Zajac.
2:05 of 1st period - Shot Misses the Net.
2:11 of 1st period - Slapshot by David Perron.
2:11 of 1st period - Stopped by Marc-André Fleury with a rebound.
2:23 of 1st period - Drew Fata is hit by Ben Smith and loses puck.
2:52 of 1st period - Linus Omark is hit by Alexander Frolov and loses puck.
3:05 of 1st period - Snap shot by Taylor Hall.
3:05 of 1st period - Stopped by Marc-André Fleury with a rebound.
4:24 of 1st period - Taylor Hall is hit by Marc-Édouard Vlasic and loses puck.
5:05 of 1st period - Snap shot by Gilbert Brule.
5:05 of 1st period - Stopped by Tuukka Rask without a rebound.
5:06 of 1st period - Jordan Staal wins face-off versus Travis Zajac in Blues zone.
5:38 of 1st period - Snap shot by Chris Higgins.
5:38 of 1st period - Stopped by Marc-André Fleury with a rebound.
6:48 of 1st period - Snap shot by Jordan Staal.
6:48 of 1st period - Stopped by Tuukka Rask with a rebound.
6:50 of 1st period - Snap shot by Tobias Enstrom.
6:50 of 1st period - Deflect By Claude Giroux.
6:50 of 1st period - Stopped by Tuukka Rask with a rebound.
7:02 of 1st period - Wrist shot by Nicklas Backstrom.
7:02 of 1st period - Deflect By Ben Smith.
7:02 of 1st period - Stopped by Marc-André Fleury without a rebound.
7:03 of 1st period - Nicklas Backstrom wins face-off versus Evgeny Grachev in Maple Leafs zone.
7:10 of 1st period - Slapshot by Alex Pietrangelo.
7:10 of 1st period - Deflect By Taylor Hall.
7:10 of 1st period - Stopped by Marc-André Fleury with a rebound.
8:45 of 1st period - Snap shot by Logan Couture.
8:45 of 1st period - Shot Misses the Net.
8:47 of 1st period - Snap shot by Jake Gardiner.
8:47 of 1st period - Stopped by Marc-André Fleury without a rebound.
8:48 of 1st period - Travis Zajac wins face-off versus Eric Nystrom in Maple Leafs zone.
8:53 of 1st period - Wrist shot by Travis Zajac.
8:53 of 1st period - Shot Blocked by Braydon Coburn.
9:03 of 1st period - Snap shot by Jordan Staal.
9:03 of 1st period - Stopped by Tuukka Rask with a rebound.
9:15 of 1st period - Kyle Clifford is hit by Taylor Hall and loses puck.
10:26 of 1st period - Slapshot by Michael Grabner.
10:26 of 1st period - Stopped by Tuukka Rask without a rebound.
10:27 of 1st period - Nicklas Backstrom wins face-off versus Gilbert Brule in Blues zone.
10:34 of 1st period - Wrist shot by Marc-Édouard Vlasic.
10:34 of 1st period - Shot Blocked by Jake Gardiner.
10:46 of 1st period - Nicklas Backstrom is hit by Kyle Clifford and loses puck.
11:19 of 1st period - Icing by Sergei Shirokov.
11:20 of 1st period - Logan Couture wins face-off versus Ben Smith in Blues zone.
11:31 of 1st period - Slapshot by Chris Higgins.
11:31 of 1st period - Shot Blocked by Marc-Édouard Vlasic.
11:33 of 1st period - Wrist shot by Patrick Kaleta.
11:33 of 1st period - Shot Blocked by John Klingberg.
11:35 of 1st period - Slapshot by Jake Gardiner.
11:35 of 1st period - Stopped by Marc-André Fleury without a rebound.
11:36 of 1st period - Nicklas Backstrom wins face-off versus Jordan Staal in Maple Leafs zone.
11:37 of 1st period - Snap shot by Alex Pietrangelo.
11:37 of 1st period - Shot Misses the Net.
12:03 of 1st period - Colby Armstrong is hit by Logan Couture and loses puck.
13:23 of 1st period - Minor Penalty to Marian Hossa for Slashing.
13:24 of 1st period - Jordan Staal wins face-off versus Travis Zajac in Blues zone.
13:33 of 1st period - Wrist shot by Claude Giroux.
13:33 of 1st period - Goal by Claude Giroux - Blues : 0 - Maple Leafs : 1.
13:34 of 1st period - Marian Hossa wins face-off versus Jordan Staal in neutral zone.
13:36 of 1st period - Off-side.
13:37 of 1st period - Jordan Staal wins face-off versus Nicklas Backstrom in neutral zone.
13:39 of 1st period - Minor Penalty to Jordan Staal for Holding.
13:40 of 1st period - Nicklas Backstrom wins face-off versus Gilbert Brule in Maple Leafs zone.
15:39 of 1st period - Penalty to Jordan Staal is over, Jordan Staal is back on ice.
15:39 of 1st period - Gilbert Brule is hit by Nicklas Backstrom and loses puck.
17:05 of 1st period - Off-side.
17:06 of 1st period - Nicklas Backstrom wins face-off versus Zac Dalpe in neutral zone.
17:09 of 1st period - Snap shot by Taylor Hall.
17:09 of 1st period - Shot Blocked by Taylor Chorney.
17:31 of 1st period - Taylor Chorney is hit by Patrick Kaleta and loses puck.
18:38 of 1st period - Wrist shot by Nicklas Backstrom.
18:38 of 1st period - Stopped by Marc-André Fleury without a rebound.
18:39 of 1st period - Nicklas Backstrom wins face-off versus Zac Dalpe in Maple Leafs zone.
19:06 of 1st period - Backhand shot by Taylor Hall.
19:06 of 1st period - Shot Misses the Net.
19:35 of 1st period - Taylor Hall is hit by Zac Dalpe and loses puck.
19:56 of 1st period - Snap shot by Tobias Enstrom.
19:56 of 1st period - Stopped by Tuukka Rask without a rebound.
19:57 of 1st period - Jordan Staal wins face-off versus Travis Zajac in Blues zone.
Goals for this period are 0 for Blues vs 1 for Maple Leafs.
Shots for this period are 9 for Blues vs 7 for Maple Leafs.
2nd period
0:01 of 2nd period - Jordan Staal wins face-off versus Travis Zajac in neutral zone.
0:26 of 2nd period - Eric Nystrom is hit by Alex Pietrangelo and loses puck.
0:50 of 2nd period - Snap shot by Kyle Clifford.
0:50 of 2nd period - Goal by Kyle Clifford - Blues : 0 - Maple Leafs : 2.
0:51 of 2nd period - Nicklas Backstrom wins face-off versus Colby Armstrong in neutral zone.
0:56 of 2nd period - Wrist shot by Kyle Clifford.
0:56 of 2nd period - Stopped by Tuukka Rask without a rebound.
0:57 of 2nd period - Gilbert Brule wins face-off versus Nicklas Backstrom in Blues zone.
0:58 of 2nd period - Wrist shot by Colby Armstrong.
0:58 of 2nd period - Deflect By Kyle Clifford.
0:58 of 2nd period - Shot Misses the Net.
0:58 of 2nd period - Puck is out of play.
0:59 of 2nd period - Nicklas Backstrom wins face-off versus Gilbert Brule in Blues zone.
1:10 of 2nd period - Snap shot by Gilbert Brule.
1:10 of 2nd period - Stopped by Tuukka Rask without a rebound.
1:11 of 2nd period - Travis Zajac wins face-off versus Jordan Staal in Blues zone.
1:18 of 2nd period - Snap shot by Travis Zajac.
1:18 of 2nd period - Stopped by Marc-André Fleury without a rebound.
1:19 of 2nd period - Jordan Staal wins face-off versus Travis Zajac in Maple Leafs zone.
1:35 of 2nd period - Off-side.
1:36 of 2nd period - Nicklas Backstrom wins face-off versus Gilbert Brule in neutral zone.
1:38 of 2nd period - Off-side.
1:39 of 2nd period - Gilbert Brule wins face-off versus Nicklas Backstrom in neutral zone.
2:16 of 2nd period - Snap shot by Sergei Shirokov.
2:16 of 2nd period - Shot Misses the Net.
2:28 of 2nd period - Fabian Brunnstrom is hit by Drew Fata and loses puck.
2:53 of 2nd period - Snap shot by Patrick Kaleta.
2:53 of 2nd period - Shot Misses the Net.
3:03 of 2nd period - Slapshot by Evgeny Grachev.
3:03 of 2nd period - Stopped by Tuukka Rask without a rebound.
3:04 of 2nd period - Eric Nystrom wins face-off versus Marian Hossa in Blues zone.
3:28 of 2nd period - Icing by Eric Nystrom.
3:29 of 2nd period - Jordan Staal wins face-off versus Travis Zajac in Maple Leafs zone.
3:56 of 2nd period - Drew Fata is hit by John Klingberg and loses puck.
4:25 of 2nd period - Wrist shot by David Perron.
4:25 of 2nd period - Deflect By Sergei Shirokov.
4:25 of 2nd period - Stopped by Marc-André Fleury with a rebound.
4:27 of 2nd period - Snap shot by Sergei Shirokov.
4:27 of 2nd period - Stopped by Marc-André Fleury with a rebound.
4:29 of 2nd period - Backhand shot by Travis Zajac.
4:29 of 2nd period - Goal by Travis Zajac - Blues : 1 - Maple Leafs : 2.
4:30 of 2nd period - Jordan Staal wins face-off versus Nicklas Backstrom in neutral zone.
5:05 of 2nd period - Snap shot by Alexander Frolov.
5:05 of 2nd period - Shot Misses the Net.
5:07 of 2nd period - Wrist shot by Michael Grabner.
5:07 of 2nd period - Shot Blocked by Bryce Lampman.
5:09 of 2nd period - Slapshot by Ryan Parent.
5:09 of 2nd period - Deflect By Alex Pietrangelo.
5:09 of 2nd period - Stopped by Tuukka Rask with a rebound.
5:27 of 2nd period - Snap shot by Logan Couture.
5:27 of 2nd period - Shot Misses the Net.
5:29 of 2nd period - Minor Penalty to Ryan Parent for Tripping.
5:30 of 2nd period - Jordan Staal wins face-off versus Travis Zajac in Maple Leafs zone.
6:28 of 2nd period - Wrist shot by Nicklas Backstrom.
6:28 of 2nd period - Deflect By Gilbert Brule.
6:28 of 2nd period - Goal by Nicklas Backstrom - Blues : 2 - Maple Leafs : 2.
6:29 of 2nd period - Jordan Staal wins face-off versus Travis Zajac in neutral zone.
6:36 of 2nd period - Slapshot by Eric Nystrom.
6:36 of 2nd period - Goal by Eric Nystrom - Blues : 2 - Maple Leafs : 3.
6:37 of 2nd period - Jordan Staal wins face-off versus Nicklas Backstrom in neutral zone.
6:50 of 2nd period - Slapshot by Bryce Lampman.
6:50 of 2nd period - Stopped by Marc-André Fleury without a rebound.
6:51 of 2nd period - Jordan Staal wins face-off versus Nicklas Backstrom in Maple Leafs zone.
7:04 of 2nd period - Slapshot by Jordan Staal.
7:04 of 2nd period - Stopped by Tuukka Rask with a rebound.
7:06 of 2nd period - Wrist shot by Jordan Staal.
7:06 of 2nd period - Stopped by Tuukka Rask with a rebound.
7:08 of 2nd period - Snap shot by Eric Nystrom.
7:08 of 2nd period - Stopped by Tuukka Rask with a rebound.
7:31 of 2nd period - Slapshot by Tobias Enstrom.
7:31 of 2nd period - Goal by Tobias Enstrom - Blues : 2 - Maple Leafs : 4.
7:31 of 2nd period - Ray Emery enters game.
7:32 of 2nd period - Jordan Staal wins face-off versus Travis Zajac in neutral zone.
7:34 of 2nd period - Off-side.
7:35 of 2nd period - Jordan Staal wins face-off versus Travis Zajac in neutral zone.
7:38 of 2nd period - Slapshot by John Klingberg.
7:38 of 2nd period - Deflect By Eric Nystrom.
7:38 of 2nd period - Stopped by Ray Emery with a rebound.
7:40 of 2nd period - Slapshot by Claude Giroux.
7:40 of 2nd period - Stopped by Ray Emery without a rebound.
7:41 of 2nd period - Nicklas Backstrom wins face-off versus Jordan Staal in Blues zone.
7:43 of 2nd period - Minor Penalty to Taylor Hall for Holding.
7:44 of 2nd period - Jordan Staal wins face-off versus Travis Zajac in Blues zone.
7:44 of 2nd period - Snap shot by Claude Giroux.
7:44 of 2nd period - Shot Misses the Net.
7:50 of 2nd period - Slapshot by Claude Giroux.
7:50 of 2nd period - Goal by Claude Giroux - Blues : 2 - Maple Leafs : 5.
7:51 of 2nd period - Nicklas Backstrom wins face-off versus Claude Giroux in neutral zone.
7:58 of 2nd period - Snap shot by Alex Pietrangelo.
7:58 of 2nd period - Shot Blocked by John Klingberg.
8:00 of 2nd period - Slapshot by Alex Pietrangelo.
8:00 of 2nd period - Stopped by Marc-André Fleury with a rebound.
8:18 of 2nd period - Claude Giroux is hit by Bryce Lampman and loses puck.
8:23 of 2nd period - Snap shot by Patrick Kaleta.
8:23 of 2nd period - Goal by Patrick Kaleta - Blues : 3 - Maple Leafs : 5.
8:24 of 2nd period - Gilbert Brule wins face-off versus Travis Zajac in neutral zone.
8:51 of 2nd period - Marian Hossa is hit by Jordan Staal and loses puck.
9:31 of 2nd period - Off-side.
9:32 of 2nd period - Zac Dalpe wins face-off versus Linus Omark in neutral zone.
9:57 of 2nd period - Eric Nystrom is hit by Taylor Hall.
10:08 of 2nd period - Minor Penalty to Claude Giroux for Hooking.
10:09 of 2nd period - Nicklas Backstrom wins face-off versus Jordan Staal in Maple Leafs zone.
10:41 of 2nd period - Alexander Frolov is hit by David Perron and loses puck.
11:39 of 2nd period - Icing by Taylor Hall.
11:40 of 2nd period - Nicklas Backstrom wins face-off versus Zac Dalpe in Blues zone.
12:08 of 2nd period - Penalty to Claude Giroux is over, Claude Giroux is back on ice.
12:39 of 2nd period - Ryan Parent is hit by Tomas Plekanec.
12:43 of 2nd period - Taylor Chorney is hit by Drew Stafford and loses puck.
13:12 of 2nd period - Wrist shot by Travis Zajac.
13:12 of 2nd period - Stopped by Marc-André Fleury with a rebound.
13:19 of 2nd period - Icing by Alexander Frolov.
13:20 of 2nd period - Nicklas Backstrom wins face-off versus Zac Dalpe in Maple Leafs zone.
13:31 of 2nd period - Snap shot by Taylor Hall.
13:31 of 2nd period - Shot Misses the Net.
13:33 of 2nd period - Snap shot by Bryce Lampman.
13:33 of 2nd period - Shot Blocked by Alexander Frolov.
13:37 of 2nd period - Snap shot by Nicklas Backstrom.
13:37 of 2nd period - Stopped by Marc-André Fleury with a rebound.
13:47 of 2nd period - Eric Nystrom is hit by Alex Pietrangelo and loses puck.
13:56 of 2nd period - Wrist shot by Travis Zajac.
13:56 of 2nd period - Shot Misses the Net.
14:08 of 2nd period - Colby Armstrong is hit by Drew Fata and loses puck.
14:27 of 2nd period - Patrick Kaleta is hit by Evgeny Grachev and loses puck.
14:34 of 2nd period - Slapshot by Drew Fata.
14:34 of 2nd period - Shot Misses the Net.
14:40 of 2nd period - Chris Higgins is hit by John Klingberg and loses puck.
14:53 of 2nd period - Claude Giroux is hit by Marian Hossa and loses puck.
15:25 of 2nd period - Snap shot by Gilbert Brule.
15:25 of 2nd period - Shot Blocked by Bryce Lampman.
15:27 of 2nd period - Slapshot by John Klingberg.
15:27 of 2nd period - Stopped by Ray Emery with a rebound.
16:04 of 2nd period - Wrist shot by Fabian Brunnstrom.
16:04 of 2nd period - Deflect By Ben Smith.
16:04 of 2nd period - Stopped by Ray Emery without a rebound.
16:05 of 2nd period - Travis Zajac wins face-off versus Evgeny Grachev in Blues zone.
16:05 of 2nd period - Travis Zajac is hit by Ben Smith.
16:34 of 2nd period - Nicklas Backstrom is hit by Jordan Staal and loses puck.
17:03 of 2nd period - Wrist shot by Drew Stafford.
17:03 of 2nd period - Stopped by Marc-André Fleury with a rebound.
17:05 of 2nd period - Slapshot by Jake Gardiner.
17:05 of 2nd period - Deflect By Tomas Plekanec.
17:05 of 2nd period - Goal by Tomas Plekanec - Blues : 4 - Maple Leafs : 5.
17:06 of 2nd period - Gilbert Brule wins face-off versus Nicklas Backstrom in neutral zone.
17:19 of 2nd period - Wrist shot by Taylor Hall.
17:19 of 2nd period - Shot Blocked by Colby Armstrong.
17:21 of 2nd period - Snap shot by Marian Hossa.
17:21 of 2nd period - Shot Misses the Net.
17:23 of 2nd period - Snap shot by Taylor Hall.
17:23 of 2nd period - Stopped by Marc-André Fleury without a rebound.
17:24 of 2nd period - Travis Zajac wins face-off versus Jordan Staal in Maple Leafs zone.
17:51 of 2nd period - Minor Penalty to Nicklas Backstrom for Boarding.
17:52 of 2nd period - Jordan Staal wins face-off versus Travis Zajac in Blues zone.
17:55 of 2nd period - Backhand shot by Claude Giroux.
17:55 of 2nd period - Shot Blocked by Travis Zajac.
18:00 of 2nd period - Off-side.
18:01 of 2nd period - Travis Zajac wins face-off versus Jordan Staal in neutral zone.
19:47 of 2nd period - Wrist shot by Claude Giroux.
19:47 of 2nd period - Stopped by Ray Emery with a rebound.
19:49 of 2nd period - Wrist shot by Claude Giroux.
19:49 of 2nd period - Shot Misses the Net.
19:51 of 2nd period - Penalty to Nicklas Backstrom is over, Nicklas Backstrom is back on ice.
Goals for this period are 4 for Blues vs 4 for Maple Leafs.
Shots for this period are 13 for Blues vs 16 for Maple Leafs.
3rd period
0:01 of 3rd period - Nicklas Backstrom wins face-off versus Jordan Staal in neutral zone.
0:04 of 3rd period - Wrist shot by Alex Pietrangelo.
0:04 of 3rd period - Stopped by Marc-André Fleury with a rebound.
0:06 of 3rd period - Snap shot by Nicklas Backstrom.
0:06 of 3rd period - Shot Misses the Net.
0:08 of 3rd period - Slapshot by Bryce Lampman.
0:08 of 3rd period - Deflect By Nicklas Backstrom.
0:08 of 3rd period - Shot Blocked by John Klingberg.
0:08 of 3rd period - Puck is out of play.
0:09 of 3rd period - Nicklas Backstrom wins face-off versus Jordan Staal in Maple Leafs zone.
0:10 of 3rd period - Slapshot by Taylor Hall.
0:10 of 3rd period - Deflect By Nicklas Backstrom.
0:10 of 3rd period - Stopped by Marc-André Fleury without a rebound.
0:11 of 3rd period - Eric Nystrom wins face-off versus Nicklas Backstrom in Maple Leafs zone.
1:16 of 3rd period - Snap shot by Gilbert Brule.
1:16 of 3rd period - Stopped by Ray Emery without a rebound.
1:17 of 3rd period - Jordan Staal wins face-off versus Nicklas Backstrom in Blues zone.
1:28 of 3rd period - Wrist shot by Jordan Staal.
1:28 of 3rd period - Stopped by Ray Emery with a rebound.
1:30 of 3rd period - Slapshot by John Klingberg.
1:30 of 3rd period - Deflect By Victor Hedman.
1:30 of 3rd period - Stopped by Ray Emery with a rebound.
1:32 of 3rd period - Slapshot by Eric Nystrom.
1:32 of 3rd period - Shot Misses the Net.
1:51 of 3rd period - Slapshot by Jake Gardiner.
1:51 of 3rd period - Shot Blocked by Fabian Brunnstrom.
1:53 of 3rd period - Slapshot by Drew Fata.
1:53 of 3rd period - Shot Blocked by John Klingberg.
1:55 of 3rd period - Wrist shot by David Perron.
1:55 of 3rd period - Shot Misses the Net.
2:27 of 3rd period - Drew Fata is hit by Colby Armstrong and loses puck.
2:40 of 3rd period - Slapshot by Jake Gardiner.
2:40 of 3rd period - Stopped by Marc-André Fleury with a rebound.
2:52 of 3rd period - Slapshot by David Perron.
2:52 of 3rd period - Stopped by Marc-André Fleury without a rebound.
2:53 of 3rd period - Jordan Staal wins face-off versus Travis Zajac in Maple Leafs zone.
3:08 of 3rd period - Wrist shot by Sergei Shirokov.
3:08 of 3rd period - Shot Misses the Net.
3:38 of 3rd period - Snap shot by Travis Zajac.
3:38 of 3rd period - Shot Blocked by Eric Nystrom.
3:54 of 3rd period - Slapshot by Alex Pietrangelo.
3:54 of 3rd period - Shot Misses the Net.
4:02 of 3rd period - Wrist shot by Sergei Shirokov.
4:02 of 3rd period - Stopped by Marc-André Fleury without a rebound.
4:03 of 3rd period - Nicklas Backstrom wins face-off versus Gilbert Brule in Maple Leafs zone.
4:51 of 3rd period - Snap shot by Drew Stafford.
4:51 of 3rd period - Deflect By Linus Omark.
4:51 of 3rd period - Shot Blocked by Zac Dalpe.
4:51 of 3rd period - Puck is out of play.
4:52 of 3rd period - Gilbert Brule wins face-off versus Tomas Plekanec in Maple Leafs zone.
4:52 of 3rd period - Gilbert Brule is hit by Drew Stafford.
5:16 of 3rd period - Ben Smith is hit by Linus Omark and loses puck.
5:23 of 3rd period - Snap shot by Tomas Plekanec.
5:23 of 3rd period - Shot Misses the Net.
5:27 of 3rd period - Slapshot by Alex Pietrangelo.
5:27 of 3rd period - Deflect By Tobias Enstrom.
5:27 of 3rd period - Stopped by Marc-André Fleury with a rebound.
5:39 of 3rd period - Snap shot by Tomas Plekanec.
5:39 of 3rd period - Shot Misses the Net.
5:41 of 3rd period - Slapshot by Linus Omark.
5:41 of 3rd period - Stopped by Marc-André Fleury with a rebound.
5:43 of 3rd period - Snap shot by Drew Stafford.
5:43 of 3rd period - Stopped by Marc-André Fleury without a rebound.
5:44 of 3rd period - Taylor Hall wins face-off versus Jordan Staal in Maple Leafs zone.
5:56 of 3rd period - Minor Penalty to Marian Hossa for Hooking.
5:57 of 3rd period - Jordan Staal wins face-off versus Travis Zajac in Blues zone.
6:33 of 3rd period - Slapshot by Marc-Édouard Vlasic.
6:33 of 3rd period - Stopped by Ray Emery without a rebound.
6:34 of 3rd period - Gilbert Brule wins face-off versus Logan Couture in Blues zone.
6:51 of 3rd period - Slapshot by Fabian Brunnstrom.
6:51 of 3rd period - Stopped by Ray Emery without a rebound.
6:52 of 3rd period - Travis Zajac wins face-off versus Jordan Staal in Blues zone.
7:56 of 3rd period - Penalty to Marian Hossa is over, Marian Hossa is back on ice.
7:59 of 3rd period - Icing by Tobias Enstrom.
8:00 of 3rd period - Linus Omark wins face-off versus Jordan Staal in Maple Leafs zone.
8:01 of 3rd period - Slapshot by Alex Pietrangelo.
8:01 of 3rd period - Deflect By Drew Stafford.
8:01 of 3rd period - Shot Misses the Net.
8:01 of 3rd period - Puck is out of play.
8:02 of 3rd period - Tomas Plekanec wins face-off versus Evgeny Grachev in Maple Leafs zone.
8:07 of 3rd period - Snap shot by Alex Pietrangelo.
8:07 of 3rd period - Stopped by Marc-André Fleury with a rebound.
8:37 of 3rd period - Wrist shot by Jordan Staal.
8:37 of 3rd period - Stopped by Ray Emery with a rebound.
8:57 of 3rd period - Wrist shot by Colby Armstrong.
8:57 of 3rd period - Stopped by Ray Emery without a rebound.
8:58 of 3rd period - Jordan Staal wins face-off versus Marian Hossa in Blues zone.
8:59 of 3rd period - Snap shot by Claude Giroux.
8:59 of 3rd period - Shot Misses the Net.
9:05 of 3rd period - Jordan Staal is hit by Marian Hossa.
9:13 of 3rd period - Wrist shot by Nicklas Backstrom.
9:13 of 3rd period - Stopped by Marc-André Fleury with a rebound.
9:15 of 3rd period - Slapshot by Drew Fata.
9:15 of 3rd period - Shot Blocked by Claude Giroux.
9:29 of 3rd period - Off-side.
9:30 of 3rd period - Travis Zajac wins face-off versus Gilbert Brule in neutral zone.
10:26 of 3rd period - Off-side.
10:27 of 3rd period - Jordan Staal wins face-off versus Logan Couture in neutral zone.
10:31 of 3rd period - Off-side.
10:32 of 3rd period - Jordan Staal wins face-off versus Nicklas Backstrom in neutral zone.
11:09 of 3rd period - Backhand shot by David Perron.
11:09 of 3rd period - Stopped by Marc-André Fleury without a rebound.
11:10 of 3rd period - Nicklas Backstrom wins face-off versus Colby Armstrong in Maple Leafs zone.
11:11 of 3rd period - Snap shot by Taylor Hall.
11:11 of 3rd period - Shot Blocked by Tobias Enstrom.
11:35 of 3rd period - Eric Nystrom is hit by Travis Zajac and loses puck.
12:05 of 3rd period - Fabian Brunnstrom is hit by Chris Higgins and loses puck.
12:18 of 3rd period - Drew Fata is hit by Ben Smith and loses puck.
12:29 of 3rd period - Wrist shot by Ben Smith.
12:29 of 3rd period - Stopped by Ray Emery with a rebound.
12:31 of 3rd period - Slapshot by Taylor Chorney.
12:31 of 3rd period - Deflect By Drew Fata.
12:31 of 3rd period - Stopped by Ray Emery with a rebound.
12:33 of 3rd period - Snap shot by Fabian Brunnstrom.
12:33 of 3rd period - Stopped by Ray Emery without a rebound.
12:34 of 3rd period - Nicklas Backstrom wins face-off versus Jordan Staal in Blues zone.
12:34 of 3rd period - Nicklas Backstrom is hit by Jordan Staal.
12:40 of 3rd period - Slapshot by Alex Pietrangelo.
12:40 of 3rd period - Shot Blocked by John Klingberg.
13:02 of 3rd period - Slapshot by Marc-Édouard Vlasic.
13:02 of 3rd period - Stopped by Ray Emery with a rebound.
13:39 of 3rd period - Minor Penalty to Linus Omark for Holding.
13:40 of 3rd period - Patrick Kaleta wins face-off versus Jordan Staal in Blues zone.
13:56 of 3rd period - Yann Sauvé is hit by Tobias Enstrom and loses puck.
14:08 of 3rd period - Icing by Gilbert Brule.
14:09 of 3rd period - Travis Zajac wins face-off versus Gilbert Brule in Maple Leafs zone.
14:10 of 3rd period - Wrist shot by Patrick Kaleta.
14:10 of 3rd period - Stopped by Marc-André Fleury without a rebound.
14:11 of 3rd period - Gilbert Brule wins face-off versus Travis Zajac in Maple Leafs zone.
14:57 of 3rd period - Travis Zajac is hit by Michael Grabner and loses puck.
15:18 of 3rd period - Snap shot by Gilbert Brule.
15:18 of 3rd period - Stopped by Ray Emery without a rebound.
15:19 of 3rd period - Travis Zajac wins face-off versus Jordan Staal in Blues zone.
15:25 of 3rd period - Icing by Jordan Staal.
15:26 of 3rd period - Travis Zajac wins face-off versus Jordan Staal in Maple Leafs zone.
15:39 of 3rd period - Penalty to Linus Omark is over, Linus Omark is back on ice.
15:57 of 3rd period - Snap shot by Nicklas Backstrom.
15:57 of 3rd period - Stopped by Marc-André Fleury with a rebound.
15:59 of 3rd period - Snap shot by Marian Hossa.
15:59 of 3rd period - Shot Blocked by Taylor Chorney.
16:01 of 3rd period - Snap shot by Nicklas Backstrom.
16:01 of 3rd period - Stopped by Marc-André Fleury without a rebound.
16:02 of 3rd period - Nicklas Backstrom wins face-off versus Jordan Staal in Maple Leafs zone.
16:18 of 3rd period - Minor Penalty to Marc-Édouard Vlasic for Roughing.
16:19 of 3rd period - Nicklas Backstrom wins face-off versus Jordan Staal in Maple Leafs zone.
16:53 of 3rd period - Alexander Frolov is hit by Bryce Lampman and loses puck.
18:18 of 3rd period - Penalty to Marc-Édouard Vlasic is over, Marc-Édouard Vlasic is back on ice.
18:46 of 3rd period - Blues, Ray Emery is pulled from the net.
19:56 of 3rd period - Wrist shot by Nicklas Backstrom.
19:56 of 3rd period - Stopped by Marc-André Fleury without a rebound.
19:57 of 3rd period - Claude Julien call a timeout for Blues.
19:57 of 3rd period - Jordan Staal wins face-off versus Nicklas Backstrom in Maple Leafs zone.
Goals for this period are 0 for Blues vs 0 for Maple Leafs.
Shots for this period are 15 for Blues vs 12 for Maple Leafs.
Back to the Top